 Dungeon Crawl Stone Soup version 0.28.0 (webtiles) character file.

Game seed: 8383731256879593729

16615 danielguo94 the Basher (level 12, -13/75 HPs)
             Began as a Gargoyle Fighter on Feb 6, 2022.
             Was a High Priest of the Shining One.
             Mangled by a reaper (34 damage)
             ... in an ice cave.
             The game lasted 00:21:27 (12323 turns).

danielguo94 the Basher (Gargoyle Fighter)          Turns: 12323, Time: 00:21:28

Health: -13/75     AC: 28    Str: 23    XL:     12   Next: 39%
Magic:  13/13      EV: 11    Int:  9    God:    the Shining One [*****.]
Gold:   549        SH:  5    Dex: 11    Spells: 11/11 levels left

rFire   . . .      SeeInvis .   L - +2 flail (vorpal)
rCold   . . .      Faith    .   c - +0 buckler
rNeg    + + +      Spirit   .   b - +0 scale mail
rPois   ∞          Reflect  .   (no helmet)
rElec   +          Harm     .   (no cloak)
rCorr   .          Rampage  .   o - +0 pair of gloves
Will    .....                   M - +0 pair of boots
Stlth   ..........              C - amulet of the acrobat
HPRegen 0.22/turn               s - +4 ring of protection
MPRegen 0.13/turn               B - +4 ring of protection

@: mighty, hasted, glowing, very quick
A: sickness immunity, AC +8, negative energy resistance 1, electricity
resistance, torment resistance 1, petrification resistance
a: Renounce Religion, Divine Shield, Cleansing Flame, Summon Divine Warrior


You were in an ice cave.
You worshipped the Shining One.
The Shining One was extremely pleased with you.
You visited 3 branches of the dungeon, and saw 11 of its levels.
You also visited: Gauntlet and Ice Cave.

You collected 549 gold pieces.

Inventory:

Hand Weapons
 H - a +4 mace of freezing
 L - a +2 vorpal flail (weapon)
Missiles
 f - 277 stones
 m - a throwing net
 p - 3 poisoned darts
 I - 8 boomerangs
 Q - 7 javelins
Armour
 b - a +0 scale mail (worn)
 c - a +0 buckler (worn)
 o - a +0 pair of gloves (worn)
 M - a +0 pair of boots (worn)
 P - a +0 helmet of see invisible
Jewellery
 a - a +6 ring of dexterity
 k - the ring "Eseytt" {rF+ Will+ SInv}
   (You took it off a gnoll on level 3 of the Dungeon)

   [ring of protection from fire]

   rF:        It protects you from fire.
   SInv:      It lets you see invisible.
   Will:      It increases your willpower.
 l - a ring of protection from fire
 s - a +4 ring of protection (left hand)
 v - a +6 ring of intelligence
 B - a +4 ring of protection (right hand)
 C - an amulet of the acrobat (around neck)
Wands
 y - a wand of iceblast (3)
 F - a wand of flame (22)
Scrolls
 g - 3 scrolls of blinking
 h - a scroll of fog {unknown}
 t - 2 scrolls of enchant weapon
 w - a scroll of magic mapping
 z - a scroll of summoning
 A - a scroll of acquirement {unknown}
 D - 2 scrolls of holy word {unknown}
 E - 3 scrolls of immolation
 G - 2 scrolls of teleportation {unknown}
 J - 2 scrolls of fear {unknown}
 K - a scroll of vulnerability {unknown}
 N - a scroll of identify
 R - a scroll of torment {unknown}
Potions
 e - a potion of heal wounds
 i - 2 potions of haste
 j - 3 potions of flight
 n - 2 potions of curing {unknown}
 q - a potion of resistance {unknown}
 r - 2 potions of degeneration {unknown}
 u - 2 potions of attraction {unknown}
 x - 2 potions of lignification
 O - a potion of cancellation {unknown}


   Skills:
 + Level 8.9 Fighting
 * Level 14.9 Maces & Flails
 + Level 8.8 Armour
 + Level 4.3 Dodging
 + Level 6.3 Shields
 * Level 2.1 Invocations
 + Level 2.2 Evocations


You had 11 spell levels left.
You didn't know any spells.
Your spell library contained the following spells:

 Spells                   Type           Power      Damage    Failure   Level
 Foxfire                  Conj/Fire      0%         2x1d4     75%         1
 Summon Small Mammal      Summ           0%         N/A       75%         1
 Call Canine Familiar     Summ           0%         N/A       98%         3
 Conjure Flame            Conj/Fire      0%         6-21      98%         3
 Inner Flame              Hex/Fire       0%         N/A       98%         3
 Summon Guardian Golem    Hex/Summ       0%         N/A       98%         3
 Flame Wave               Conj/Fire      0%         2d4       100%        4
 Blade Hands              Tmut           0%         N/A       100%        5
 Irradiate                Conj/Tmut      0%         3d13      100%        5
 Dragon Form              Tmut           0%         N/A       100%        7


Dungeon Overview and Level Annotations

Branches:
Dungeon (9/15)             Temple (1/1) D:4            Lair (1/6) D:8
  IceCv (1/1)             Gauntlet (visited)
    Orc: D:9-12

Altars:
Ashenzari
Cheibriados
Dithmenos
Elyvilon
Fedhas
Gozag
Hepliaklqana
Makhleb
Nemelex Xobeh
Okawaru
Qazlal
Ru
Sif Muna
Trog
Uskayaw
Vehumet
Wu Jian
Xom
Yredelemnul
Zin
The Shining One


Innate Abilities, Weirdness & Mutations

You are immune to sickness and miasma.
Your stone body is resilient. (AC +8)
You are immune to poison.
You resist negative energy. (rN+)
You are resistant to electric shocks. (rElec)
You are resistant to unholy torment.
You are immune to petrification.


Message History

No target in view!
No target in view!
You are engulfed in freezing vapours.
You're standing in a cloud of freezing vapour!
You're standing in a cloud of freezing vapour!
Found a runed diamond amulet.
You are engulfed in freezing vapours.
You are engulfed in freezing vapours.
Found a scale mail of cold resistance.
You are engulfed in freezing vapours.
You are engulfed in freezing vapours.
A reaper comes into view.
It is wielding a +2 scythe of freezing and wearing a +2 robe of cold resistance.
You are engulfed in freezing vapours.
Okay, then.
Unknown command.
The reaper draws a finger across its throat.
Okay, then.
Unknown command.
As you read the scroll of summoning, it crumbles to dust.
Wisps of shadow whirl around you...
The shadows disperse without effect.
The reaper hits you from afar with a +2 scythe of freezing!
The reaper freezes you.
* * * LOW HITPOINT WARNING * * *
Okay, then.
Unknown command.
Okay, then.
Unknown command.
You feel much better. The reaper hits you but does no damage.
You feel yourself speed up. The reaper hits you but does no damage.
Okay, then.
You feel very mighty all of a sudden.
The reaper hits you with a +2 scythe of freezing!!
* * * LOW HITPOINT WARNING * * *
The reaper freezes you.
* * * LOW HITPOINT WARNING * * *
You thump the reaper!
The reaper is moderately wounded.
You sock the reaper!
The reaper is moderately wounded.
The reaper hits you with a +2 scythe of freezing!!
You die...

## ...######...###
###..☼......##
..§........###
..##.........###
.##○§####......##
....☼○§☼#.......##
#..§..§##.......##
##....☼○##.2.....#
.. #.≈..☼○@....##
###. #.○###.....##
##....#§.○☼.#..###
...§..#..○°.####
##§§...°###
#.§...### ###.###
.§. ##"[


You could see a reaper.

Vanquished Creatures
  A minotaur (Gauntlet)
  A boulder beetle (D:9)
  2 centaur warriors (D:9)
  3 death yaks
  2 two-headed ogres
  A sixfirhy (Gauntlet)
  A moth of wrath (Gauntlet)
  2 ice statues (IceCv)
  3 centaur zombies
  An unseen horror (D:8)
  A freezing wraith (IceCv)
  An anaconda simulacrum (IceCv)
  3 ice devils (IceCv)
  Prince Ribbit (D:5)
  2 trolls (D:9)
  A wraith (D:9)
  5 shadows
  Sigmund (D:2)
  7 yaks
  4 vampire mosquitoes (D:9)
  3 steam dragons
  An acid dragon (D:9)
  2 water moccasins
  3 sky beasts
  4 orc warriors
  3 ice beasts
  A necrophage (D:5)
  5 wolves (Gauntlet)
  4 ogres
  A centaur (D:9)
  A kobold brigand (D:9)
  4 bullfrogs
  A wyvern zombie (D:6)
  A two-headed ogre simulacrum (IceCv)
  A cane toad simulacrum (Lair:1)
  5 wights (D:7)
  A howler monkey (D:5)
  An electric eel (Lair:1)
  A bullfrog zombie (D:6)
  2 lava snakes (D:9)
  3 hounds
  An iron imp (D:9)
  6 orc priests
  2 bullfrog skeletons
  8 orc wizards
  Ijyb (D:3)
  5 iguanas
  5 troll simulacra (IceCv)
  2 polar bear simulacra (IceCv)
  4 wolf simulacra
  A hound skeleton (D:4)
  7 gnolls
  8 adders
  A howler monkey skeleton (D:7)
  3 naga simulacra (IceCv)
  3 white imps (IceCv)
  4 ufetubi
  A worm (D:2)
  4 dart slugs
  31 orcs
  2 ball pythons (D:1)
  5 endoplasms
  A giant cockroach (D:4)
  9 goblins
  2 hobgoblins
  4 jackals (D:4)
  2 quokkas (D:1)
  3 bats
  2 frilled lizards
  4 kobolds
  5 rats
227 creatures vanquished.

Notes
Turn   | Place    | Note
-------+----------+-------------------------------------------
     0 | D:1      | danielguo94 the Gargoyle Fighter began the quest for the
                  | Orb.
     0 | D:1      | Reached XP level 1. HP: 14/14 MP: 1/1
   209 | D:1      | Reached XP level 2. HP: 19/19 MP: 2/2
   222 | D:1      | Found a faded altar of an unknown god.
  1033 | D:2      | Reached XP level 3. HP: 18/23 MP: 3/3
  1543 | D:2      | Noticed Sigmund
  2204 | D:3      | Identified the ring "Eseytt" {rF+ Will+ SInv}
  2216 | D:3      | Reached skill level 3 in Maces & Flails
  2218 | D:3      | Reached XP level 4. HP: 26/29 MP: 4/4
  2266 | D:3      | Found a broken altar of Ashenzari.
  2404 | D:3      | Noticed Ijyb
  2443 | D:3      | Killed Ijyb
  2638 | D:3      | Found a burning altar of Makhleb.
  2807 | D:3      | Identified the +6 ring mail of Winter {rN+++ rCorr Dex-4}
  3028 | D:4      | Reached XP level 5. HP: 33/33 MP: 5/5
  3035 | D:4      | Reached skill level 4 in Maces & Flails
  3069 | D:4      | Found a staircase to the Ecumenical Temple.
  3166 | Temple   | Entered the Ecumenical Temple
  3378 | Temple   | Became a worshipper of the Shining One
  3521 | D:4      | Noticed an ogre
  3722 | D:4      | Reached XP level 6. HP: 19/38 MP: 6/6
  4115 | D:4      | Reached skill level 5 in Maces & Flails
  4423 | D:2      | Killed Sigmund
  4479 | D:4      | Reached skill level 6 in Maces & Flails
  4479 | D:4      | Reached XP level 7. HP: 43/43 MP: 7/7
  4519 | D:5      | Entered Level 5 of the Dungeon
  4612 | D:5      | Reached skill level 1 in Dodging
  4765 | D:5      | Noticed Prince Ribbit
  4788 | D:5      | Killed Prince Ribbit
  4789 | D:5      | Reached skill level 7 in Maces & Flails
  5235 | D:6      | Noticed a steam dragon
  5246 | D:5      | Reached XP level 8. HP: 41/48 MP: 8/8
  5330 | D:6      | Found a hazy altar of Hepliaklqana.
  5349 | D:5      | Reached skill level 5 in Armour
  5815 | D:5      | Reached skill level 8 in Maces & Flails
  6033 | D:6      | Reached skill level 5 in Fighting
  6046 | D:6      | Reached skill level 9 in Maces & Flails
  6046 | D:6      | Reached XP level 9. HP: 50/54 MP: 9/9
  6109 | D:6      | Reached * piety under the Shining One
  6193 | D:6      | You fall into a shaft and drop 1 floor!
  6522 | D:7      | Reached skill level 10 in Maces & Flails
  6765 | D:6      | Found a hide-covered altar of Uskayaw.
  6771 | D:6      | Found a basalt altar of Yredelemnul.
  6784 | D:6      | Found a shimmering blue altar of Sif Muna.
  6787 | D:6      | Found a radiant altar of Vehumet.
  7285 | D:8      | Reached skill level 11 in Maces & Flails
  7485 | D:8      | Noticed an unseen horror
  7485 | D:8      | Reached ** piety under the Shining One
  7492 | D:8      | Noticed a two-headed ogre
  7503 | D:8      | Killed an unseen horror
  7504 | D:8      | Reached XP level 10. HP: 54/60 MP: 10/10
  7564 | D:8      | Noticed a death yak
  7565 | D:8      | Noticed a death yak
  7567 | D:8      | Noticed a death yak
  7602 | D:7      | Killed a death yak
  7603 | D:7      | Reached skill level 12 in Maces & Flails
  7663 | D:7      | Killed a death yak
  7895 | D:8      | Found a glowing silver altar of Zin.
  7925 | D:8      | Killed a two-headed ogre
  8386 | D:8      | Found a staircase to the Lair.
  8472 | D:8      | Killed a death yak
  8473 | D:8      | Reached skill level 13 in Maces & Flails
  8473 | D:8      | Reached skill level 5 in Shields
  8473 | D:8      | Reached skill level 1 in Evocations
  8480 | D:8      | Reached XP level 11. HP: 28/67 MP: 11/11
  8924 | D:8      | Found an iron altar of Okawaru.
  9277 | D:9      | Noticed a two-headed ogre
  9277 | D:9      | Noticed a centaur warrior
  9285 | D:9      | Killed a two-headed ogre
  9300 | D:9      | Killed a centaur warrior
  9456 | D:9      | Noticed a centaur warrior
  9467 | D:9      | Killed a centaur warrior
  9468 | D:9      | Reached skill level 14 in Maces & Flails
  9603 | D:9      | Found an ornate altar of the Wu Jian Council.
  9708 | D:9      | Noticed a boulder beetle
  9711 | D:9      | Found a shimmering altar of Xom.
  9781 | D:9      | Found a snail-covered altar of Cheibriados.
  9781 | D:9      | Reached *** piety under the Shining One
 10231 | D:9      | Killed a boulder beetle
 10378 | Lair:1   | Entered Level 1 of the Lair of Beasts
 10385 | Lair:1   | Found a gate leading to a gauntlet.
 10409 | Gauntlet | Entered a Gauntlet
 10409 | Gauntlet | Noticed a moth of wrath
 10409 | Gauntlet | Found a transporter.
 10417 | Gauntlet | Found a transporter.
 10418 | Gauntlet | Found a transporter.
 10429 | Gauntlet | Noticed a sixfirhy
 10434 | Gauntlet | Found a transporter.
 10437 | Gauntlet | Found a transporter.
 10441 | Gauntlet | Found a runed translucent gate.
 10441 | Gauntlet | Found a runed translucent gate.
 10444 | Gauntlet | Found a runed translucent gate.
 10444 | Gauntlet | Found a transporter.
 10458 | Gauntlet | Noticed a hell hog
 10460 | Gauntlet | Found a transporter.
 10469 | Gauntlet | Noticed a hell beast
 10470 | Gauntlet | Found a transporter.
 10477 | Gauntlet | Noticed a sixfirhy
 10478 | Gauntlet | Noticed a sixfirhy
 10480 | Gauntlet | Found a transporter.
 10481 | Gauntlet | Noticed a sixfirhy
 10494 | Gauntlet | Found a transporter.
 10500 | Gauntlet | Noticed a wizard
 10503 | Gauntlet | Found a transporter.
 10505 | Gauntlet | Found a transporter.
 10537 | Gauntlet | Killed a moth of wrath
 10593 | Gauntlet | Found a transporter.
 10597 | Gauntlet | Killed a sixfirhy
 10597 | Gauntlet | Reached **** piety under the Shining One
 10598 | Gauntlet | Reached XP level 12. HP: 39/75 MP: 12/12
 10670 | Gauntlet | Noticed a minotaur
 10688 | Gauntlet | Killed a minotaur
 10745 | Lair:1   | Found a frozen archway.
 10879 | IceCv    | Entered an ice cave
 11481 | IceCv    | Reached skill level 1 in Invocations
 12063 | IceCv    | Reached ***** piety under the Shining One
 12314 | IceCv    | Noticed a reaper
 12323 | IceCv    | Mangled by a reaper

Illustrated notes

Levels and vault maps discovered:
D:1:      lightli_arrival_quake, layout_basic,
          hellmonk_ecumenical_altar_leap_of_faith
D:2:      layout_basic, minmay_stone_trees_small, uniq_sigmund
D:3:      layout_basic, mainiacjoe_overflow_alcove_2,
          nicolae_ashenzari_skybound, uniq_ijyb
D:4:      layout_cave_pods, temple_pool_b
D:5:      layout_rooms, uniq_prince_ribbit1
D:6:      layout_cave_pools, mainiacjoe_overflow_tiny_flanked,
          grunt_temple_overflow_cloverleaf
D:7:      nicolae_cairo_tiling_large, layout_rooms, kennysheep_generic_room_11
D:8:      layout_loops_ring, okawaru_altar_gauntlet_db, zin_academy,
          dpeg_lair_monsters
D:9:      cheibrodos_barr_body, layout_basic, slow_altar_2,
          mainiacjoe_overflow_surrounded_room, mainiacjoe_overflow_brackets,
          kennysheep_island_fort
Temple:   compressed_dpeg_triangle_lava_temple
Lair:1:   layout_chaotic_city, gauntlet_entry_generic,
          portal_ice_cave_entry_ice_simulacra, serial_bayou,
          serial_bayou_pond_c, serial_bayou_ford_a, serial_bayou_lake_a,
          serial_bayou_pond_a, serial_bayou_shore_a
IceCv:    ice_cave_small_demon

Skill      XL: |  1  2  3  4  5  6  7  8  9 10 11 12 |
---------------+-------------------------------------+-----
Maces & Flails | 3 4 6 7 9 11 13 14 | 14.9
Armour         | 4 5 6 7 8 |  8.8
Fighting       | 4 5 6 7 8 |  8.9
Dodging        | 1 2 3 4 |  4.3
Shields        | 4 5 6 |  6.3
Evocations     | 1 2 |  2.2
Invocations    | 2 |  2.1

Action                   |  1- 3 |  4- 6 |  7- 9 | 10-12 || total
-------------------------+-------+-------+-------+-------++-------
Melee: Flail             |    86 |   178 |   291 |   162 ||   717
       Mace              |       |       |    47 |   376 ||   423
Invok: Divine Shield     |       |       |       |     1 ||     1
Evoke: Wand              |       |     3 |     5 |    19 ||    27
  Use: Scroll            |     2 |       |     7 |     6 ||    15
       Potion            |       |     1 |       |     5 ||     6
Armor: Scale mail        |    39 |    92 |   221 |   234 ||   586
       Skin              |       |       |       |    12 ||    12
Dodge: Dodged            |    32 |    87 |   170 |   213 ||   502
Block: Buckler           |    15 |    30 |    57 |    96 ||   198
